 Dungeon Crawl Stone Soup version 0.28-a0-421-gd1dd6c5fb5 (webtiles) character file.

Game seed: 9949503988193373065

203 nfekekn the Digger (level 5, -3/28 HPs)
             Began as a Gargoyle Earth Elementalist on Sept 8, 2021.
             Killed from afar by an orc wizard (6 damage)
             ... with a magic dart
             ... on level 3 of the Dungeon.
             The game lasted 00:06:44 (3214 turns).

nfekekn the Digger (Gargoyle Earth Elementalist)    Turns: 3214, Time: 00:06:46

Health: -3/28      AC:  7    Str: 12    XL:     5   Next: 81%
Magic:  6/10       EV: 11    Int: 16    God:
Gold:   413        SH:  0    Dex: 10    Spells: 7/11 levels left

rFire   . . .      SeeInvis .   g - +1 whip (freeze)
rCold   . . .      Faith    .   (no shield)
rNeg    + . .      Spirit   .   b - +1 robe
rPois   ∞          Reflect  .   (no helmet)
rElec   +          Harm     .   (no cloak)
rCorr   .          Rampage  .   (no gloves)
Will    .....                   (no boots)
Stlth   ++........              (no amulet)
HPRegen 0.09/turn               (no ring)
MPRegen 0.12/turn               (no ring)

@: no status effects
A: sickness immunity, AC +4, negative energy resistance 1, electricity
resistance, torment resistance 1, petrification resistance
a: no special abilities


You were on level 3 of the Dungeon.
You visited 1 branch of the dungeon, and saw 3 of its levels.

You collected 413 gold pieces.

Inventory:

Hand Weapons
 d - a +0 short sword
 e - a +0 vampiric flail
 g - a +1 whip of freezing (weapon)
Missiles
 c - 68 stones
Armour
 b - a +1 robe (worn)
Scrolls
 a - a scroll of identify


   Skills:
 - Level 1.5 Dodging
 - Level 2.1 Stealth
 + Level 3.6 Spellcasting
 + Level 2.6 Conjurations
 - Level 0.7 Transmutations
 + Level 5.4 Earth Magic


You had 7 spell levels left.
You knew the following spells:

 Your Spells              Type           Power      Damage    Failure   Level
a - Sandblast             Erth           40%        2d10      1%          1
b - Stone Arrow           Conj/Erth      30%        3d8       10%         3

Your spell library contained the following spells:

 Spells                   Type           Power      Damage    Failure   Level
 Passwall                 Tmut/Erth      10%        N/A       8%          2
 Petrify                  Tmut/Erth      12%        N/A       43%         4


Dungeon Overview and Level Annotations

Branches:
Dungeon (3/15)

Altars:
Dithmenos
Fedhas
Kikubaaqudgha
Sif Muna
The Shining One


Innate Abilities, Weirdness & Mutations

You are immune to sickness and miasma.
Your stone body is resilient. (AC +4)
You are immune to poison.
You resist negative energy. (rN+)
You are resistant to electric shocks. (rElec)
You are resistant to unholy torment.
You are immune to petrification.


Message History

You are confused.
You hit something but do no damage.
You hear some strange, mumbled words.
A magic dart appears from out of thin air!
The magic dart hits you.
* * * LOW HITPOINT WARNING * * *
You hear some strange, mumbled words.
Something tries to affect you, but you resist.
You're too confused to move!
Something hits you but does no damage.
You bump into the rock wall.
You hear some strange, mumbled words.
A puff of flame appears from out of thin air!
The puff of flame hits you.
* * * LOW HITPOINT WARNING * * *
You miss something.
You feel less confused. Something hits you but does no damage.
You barely miss something. Something hits you.
* * * LOW HITPOINT WARNING * * *
Unknown command.
Casting: Sandblast (safe; 1% risk of failure)
Confirm with . or Enter, or press ? or * to list all spells.
Aiming: Sandblast (safe; 1% risk of failure)
Press: ? - help, Shift-Dir - straight line, f - you That would be overly suicidal.
Okay, then.
Casting: Sandblast (safe; 1% risk of failure)
Confirm with . or Enter, or press ? or * to list all spells.
Aiming: Sandblast (safe; 1% risk of failure)
Press: ? - help, Shift-Dir - straight line The blast of sand hits something.
Something barely misses you.
Casting: Sandblast (safe; 1% risk of failure)
Confirm with . or Enter, or press ? or * to list all spells.
Aiming: Sandblast (safe; 1% risk of failure)
Press: ? - help, Shift-Dir - straight line The blast of sand hits something.
You hear some strange, mumbled words.
A magic dart appears from out of thin air!
The magic dart hits you.
You die...

# *,........................
########,........................
........,,,,###..................
........,,,,+.#)#................
........,,,,#.#.##...............
........,,,,#.#'###..............
........,,,,#..).###.............
........,,,,#...{# #.............
........,,,,#...@# #.........[...
........,,,,#....# ##.#.........#
........,........# #..#.........
########*#####...# #..#.........
<..#,,,,,,,,,...## #....#...#...
.#.#,*******##### #.#..#†###...
.#.#,* #.#..#)# #... ...#,*
#.##.#.# #### ####,* #.##.#.#


There were no monsters in sight!

Vanquished Creatures
  2 orc priests (D:3)
  Natasha (D:2)
  An orc wizard (D:3)
  A gnoll (D:1)
  2 adders (D:2)
  2 worms
  A dart slug (D:3)
  8 orcs (D:3)
  3 endoplasms
  3 giant cockroaches
  3 goblins
  7 hobgoblins
  4 jackals (D:3)
  5 ball pythons
  5 bats
  A frilled lizard (D:1)
  4 kobolds
  4 rats
57 creatures vanquished.

Notes
Turn   | Place    | Note
-------+----------+-------------------------------------------
     0 | D:1      | nfekekn the Gargoyle Earth Elementalist began the quest for
                  | the Orb.
     0 | D:1      | Reached XP level 1. HP: 10/10 MP: 3/3
   452 | D:1      | Reached XP level 2. HP: 14/15 MP: 5/5
   498 | D:1      | Reached skill level 4 in Earth Magic
   993 | D:2      | Reached XP level 3. HP: 15/19 MP: 6/6
   997 | D:2      | Learned a level 3 spell: Stone Arrow
  1355 | D:2      | Noticed Natasha
  1363 | D:2      | Killed Natasha
  1364 | D:2      | Reached skill level 1 in Conjurations
  1364 | D:2      | Reached XP level 4. HP: 16/24 MP: 5/8
  2225 | D:3      | Identified a scroll of acquirement
  2225 | D:3      | Acquired 305 gold pieces
  2383 | D:3      | Reached skill level 5 in Earth Magic
  2383 | D:3      | Reached XP level 5. HP: 25/28 MP: 3/9
  2966 | D:3      | Found a blossoming altar of Fedhas.
  2971 | D:3      | Found an ancient bone altar of Kikubaaqudgha.
  2971 | D:3      | Found a glowing golden altar of the Shining One.
  2974 | D:3      | Found a shadowy altar of Dithmenos.
  2978 | D:3      | Found a shimmering blue altar of Sif Muna.
  3214 | D:3      | Killed from afar by an orc wizard

Illustrated notes

Levels and vault maps discovered:
D:1:      wheals_arrival_shading, layout_loops_cross
D:2:      layout_basic, uniq_natasha
D:3:      layout_basic, minitemple, hellmonk_ecumenical_altar_leap_of_faith,
          dk_noncrumbling_4

Skill      XL: |  1  2  3  4 |
---------------+-------------+-----
Earth Magic    | 4 5 |  5.4
Conjurations   | 1 2 |  2.6
Spellcasting   | 3 |  3.6
Dodging        | |  1.5
Stealth        | |  2.1
Transmutations | |  0.7

Action                   |  1- 3 |  4- 6 || total
-------------------------+-------+-------++-------
Melee: Short sword       |    12 |       ||    12
       Whip              |    65 |    78 ||   143
 Cast: Sandblast         |    11 |    22 ||    33
  Use: Scroll            |     1 |     9 ||    10
       Potion            |       |     2 ||     2
 Stab: Sleeping          |     3 |     1 ||     4
Armor: Robe              |    40 |    43 ||    83
Dodge: Dodged            |    50 |    40 ||    90

Table legend: (Time is in decaauts)
 A = Elapsed time spent in this place.
 B = Non-inter-level travel time spent in this place.
 C = Inter-level travel time spent in this place.
 D = Time resting spent in this place.
 E = Time spent auto-exploring this place.
 F = Levels seen in this place.
 G = Mean time per level.
                   A        B        C        D        E       F      G
               +--------+--------+--------+--------+--------+-----+--------+
         Total |   3228 |   3168 |     60 |    180 |   2432 |   3 | 1076.0 |
       Dungeon |   3228 |   3168 |     60 |    180 |   2432 |   3 | 1076.0 |
               +--------+--------+--------+--------+--------+-----+--------+

Top non-repeatable levels by time:
     D:2: 1302 daAuts
     D:3: 996 daAuts
     D:1: 929 daAuts
